 Dungeon Sprint DCSS version 0.27.1-1-g398f81649c (webtiles) character file.

Game seed: 5800013190340790211

8879 styxcanada the Imperceptible (level 11, -2/60 HPs)
             Began as a Spriggan Brigand on Sept 15, 2021.
             Was an Initiate of Gozag.
             Slain by a spriggan rider (16 damage)
             ... in the Dungeon (Sprint IV: "Fedhas' Mad Dash").
             The game lasted 00:09:20 (1520 turns).

styxcanada the Imperceptible (Spriggan Brigand)     Turns: 1520, Time: 00:09:21

Health: -2/60      AC:  3    Str:  7    XL:     11   Next: 15%
Magic:  12/12      EV: 27    Int: 14    God:    Gozag
Gold:   1893       SH:  7    Dex: 21    Spells: 10/10 levels left

rFire    x . .     SeeInvis +   q - +3 quick blade "Dyvoeps" {vorpal, rPois rF- Int+2}
rCold    . . .     Faith    .   t - +0 buckler
rNeg     . . .     Spirit   .   b - +0 robe
rPois    +         Reflect  .   (helmet restricted)
rElec    .         Harm     .   c - +0 cloak
rCorr    .         Rampage  .   (gloves unavailable)
Will     +....     NoTele   +   (boots unavailable)
Stlth    ++++++++++             l - amulet of invisibility {+Inv}
HPRegen  0.20/turn              (no ring)
MPRegen  0.13/turn              (no ring)

@: very slightly contaminated, invisible (expiring), very quick
A: very small, no large weapons, unfitting armour, see invisible, speed 3
a: Renounce Religion, Evoke Invisibility, Potion Petition, Call Merchant, Bribe
Branch


You were in the Dungeon.
You worshipped Gozag.
Gozag was most pleased with you.
You visited 1 branch You collected 2576 gold pieces.
You spent 683 gold pieces at shops.

Inventory:

Hand Weapons
 a - a +2 dagger
 q - the +3 quick blade "Dyvoeps" (weapon) {vorpal, rPois rF- Int+2}
   (You bought it in a shop in the Dungeon)

   It inflicts extra damage upon your enemies.
   Int:       It affects your intelligence (+2).
   rF:        It makes you vulnerable to fire.
   rPois:     It protects you from poison.
 s - the +4 quarterstaff "Deipek" {freeze, Will+}
   (You found it in the Dungeon)

   It freezes those it strikes, dealing additional cold damage.
   It can also slow down cold-blooded creatures.
   Will:      It increases your willpower.
Missiles
 d - 39 poisoned darts
 e - 2 curare-tipped darts
 n - 26 stones (quivered)
 o - 14 sling bullets
Armour
 b - a +0 robe (worn)
 c - a +0 cloak (worn)
 t - a +0 buckler (worn)
Jewellery
 l - the amulet of invisibility (around neck) {+Inv}
   (You found it in the Dungeon)

   [amulet of nothing]

   +Inv:      It lets you turn invisible.
Scrolls
 k - a scroll of blinking
 m - 3 scrolls of amnesia
 p - a scroll of identify
 u - a scroll of holy word
Potions
 h - 2 potions of haste
 i - 2 potions of magic
Miscellaneous
 j - a piece from Xom's chessboard (15/15)
 r - a piece from Xom's chessboard (15/15)


   Skills:
 * Level 8.1 Fighting
 + Level 6.8 Short Blades
 + Level 6.4 Throwing
 * Level 12.0 Dodging
 * Level 26.0 Stealth
 * Level 2.5 Shields
 * Level 14.3 Evocations


You had 10 spell levels left.
You didn't know any spells.
Your spell library contained the following spells:

 Spells                   Type           Power      Damage    Failure   Level
 Shock                    Conj/Air       0%         1d3       36%         1
 Swiftness                Air            0%         N/A       75%         3
 Airstrike                Air            0%         N/A       98%         4
 Olgreb's Toxic Radiance  Pois           0%         N/A       98%         4
 Ozocubu's Refrigeration  Ice            0%         4d5       100%        7
 Ignition                 Fire           0%         3d3       100%        8


Dungeon Overview and Level Annotations

Branches:
Dungeon (1/1)

Altars:
Cheibriados
Dithmenos
Elyvilon
Gozag
Hepliaklqana
Kikubaaqudgha
Makhleb
Nemelex Xobeh
Okawaru
Qazlal
Ru
Sif Muna
Trog
Uskayaw
Vehumet
Wu Jian
Xom
Yredelemnul
Zin
The Shining One
Beogh
Jiyva
Lugonu

Shops:
D [(?*(?[?


Innate Abilities, Weirdness & Mutations

You are very small and have problems with some larger weapons.
You are too small for most types of armour.
You have supernaturally acute eyesight. (SInv)
You cover ground extremely quickly. (Speed+++)


Message History

You hit the spriggan rider.
The spriggan rider is heavily wounded.
The spriggan rider hits you!
* * * LOW HITPOINT WARNING * * *
You barely miss the spriggan rider.
The spriggan rider is heavily wounded.
You flicker for a moment.
You hit the spriggan rider.
The spriggan rider is heavily wounded.
The spriggan rider barely misses you.
You miss the spriggan rider.
The spriggan rider is heavily wounded.
Unknown command.
You closely miss the spriggan rider.
The spriggan rider is heavily wounded.
The spriggan rider barely misses you.
You barely miss the spriggan rider.
The spriggan rider is heavily wounded.
You completely miss the spriggan rider.
The spriggan rider is heavily wounded.
The spriggan rider barely misses you.
You miss the spriggan rider.
The spriggan rider is heavily wounded.
You hit the spriggan rider.
The spriggan rider is heavily wounded.
You hit the spriggan rider.
The spriggan rider is severely wounded.
You block the spriggan rider's attack.
You closely miss the spriggan rider.
The spriggan rider is severely wounded.
You hit the spriggan rider.
The spriggan rider is severely wounded.
The spriggan rider misses you.
You miss the spriggan rider.
The spriggan rider is severely wounded.
You barely miss the spriggan rider.
The spriggan rider is severely wounded.
The spriggan rider hits you!
You die...
Your body crumbles into a pile of gold.

...♣.....#...###################.
..♣..♣..######♣♣♣♣♣..♣[###.'..'..
###'######..'......♣..♣##..#..#.P
....'.......#♣..♣♣♣.♣).###.##'##.
..###.......#.♣♣..♣...♣'...#♣.♣##
###*########################.....
,,,,,,,,,..........# ###..♣..♣.
,,,,,,,,,......i.P.#####.).♣.....
,,,,,,,,,i......@P..........♣.)..
,,,,,,,,,........P...############
*******+*############# ******* **
*,,,,,,,,,,* ***,,*****,,,∩∩***,
*,,,,,,,,,,* *,,,,+,,,,,,,,,**,,
***,,,,,,*** *,,,,*****,,,,,+,,,
***,,,** **$$$$* **********
*,,,,****$$$$$*****∩∩∩*,,,,,
*,,,,,,,,$$$$$+$$$$∩$∩+,,,,,


You could see a spriggan rider and a spriggan (asleep).

Vanquished Creatures
  Agnes (D)
  A spriggan defender (D)
  A spriggan berserker (D)
  A spriggan druid (D)
  6 oklob plants (D)
  A demonic crawler (D)
  3 burning bushes (D)
  A queen bee (D)
  3 wandering mushrooms (D)
  A hornet (D)
  3 scorpions (D)
  4 killer bees (D)
  5 oklob saplings (D)
  5 spriggans (D)
  A river rat (D)
  A rat (D)
  A ballistomycete spore (D)
39 creatures vanquished.

Vanquished Creatures (others)
  A fungus (D)
1 creature vanquished.

Grand Total: 40 creatures vanquished

Notes
Turn   | Place    | Note
-------+----------+-------------------------------------------
     0 | D        | styxcanada the Spriggan Brigand began the quest for the
                  | Orb.
     0 | D        | Reached XP level 1. HP: 10/10 MP: 2/2
    18 | D        | Reached skill level 7 in Stealth
    18 | D        | Reached XP level 2. HP: 15/15 MP: 3/3
    33 | D        | Noticed an oklob sapling
    35 | D        | Killed an oklob sapling
    36 | D        | Reached skill level 9 in Stealth
    36 | D        | Reached XP level 3. HP: 18/18 MP: 4/4
    37 | D        | Noticed a scorpion
    37 | D        | Found the amulet of invisibility {+Inv}
    39 | D        | Killed a scorpion
    40 | D        | Reached skill level 12 in Stealth
    40 | D        | Reached XP level 4. HP: 23/23 MP: 5/5
    63 | D        | Found an opulent altar of Gozag.
    63 | D        | Found a hazy altar of Hepliaklqana.
    63 | D        | Found a burning altar of Makhleb.
    63 | D        | Found a sparkling altar of Nemelex Xobeh.
    63 | D        | Found a snail-covered altar of Cheibriados.
    63 | D        | Found a sacrificial altar of Ru.
    63 | D        | Found a shimmering blue altar of Sif Muna.
    63 | D        | Found a shimmering altar of Xom.
    63 | D        | Found a basalt altar of Yredelemnul.
    64 | D        | Found a viscous altar of Jiyva.
    64 | D        | Found a bloodstained altar of Trog.
    64 | D        | Found an ornate altar of the Wu Jian Council.
    65 | D        | Found an iron altar of Okawaru.
    65 | D        | Found a shadowy altar of Dithmenos.
    65 | D        | Found a glowing silver altar of Zin.
    66 | D        | Found an ancient bone altar of Kikubaaqudgha.
    66 | D        | Found a hide-covered altar of Uskayaw.
    67 | D        | Found a stormy altar of Qazlal.
    67 | D        | Found a white marble altar of Elyvilon.
    67 | D        | Found a glowing golden altar of the Shining One.
    68 | D        | Became a worshipper of Gozag Ym Sagoz the Greedy
    69 | D        | Found a corrupted altar of Lugonu.
    69 | D        | Found a radiant altar of Vehumet.
    73 | D        | Reached skill level 13 in Stealth
    73 | D        | Reached XP level 5. HP: 28/28 MP: 3/6
    85 | D        | Reached skill level 5 in Dodging
   112 | D        | Reached skill level 14 in Stealth
   131 | D        | Reached skill level 15 in Stealth
   143 | D        | Reached XP level 6. HP: 6/33 MP: 7/7
   420 | D        | Found Syuthrorunt's Antique Weapon Shop.
   420 | D        | Found Tyefis's Armour Emporium.
   429 | D        | Noticed a burning bush
   429 | D        | Noticed a wandering mushroom
   430 | D        | Noticed a wandering mushroom
   433 | D        | Killed a burning bush
   434 | D        | Reached skill level 17 in Stealth
   434 | D        | Reached skill level 5 in Evocations
   434 | D        | Killed a wandering mushroom
   435 | D        | Reached skill level 5 in Throwing
   435 | D        | Reached skill level 18 in Stealth
   435 | D        | Reached XP level 7. HP: 38/38 MP: 5/8
   435 | D        | Killed a wandering mushroom
   436 | D        | Reached skill level 5 in Fighting
   438 | D        | Reached skill level 19 in Stealth
   462 | D        | Found Besink's Magic Scroll Emporium.
   462 | D        | Found Soigasan's Weapon Shoppe.
   470 | D        | Bought a scroll of identify for 20 gold pieces
   470 | D        | Bought a scroll of identify for 20 gold pieces
   478 | D        | Bought a shimmering quick blade for 520 gold pieces
   478 | D        | Identified the +3 quick blade "Dyvoeps" {vorpal, rPois rF-
                  | Int+2} (You bought it in a shop in the Dungeon)
   487 | D        | Bought 16 poisoned darts for 83 gold pieces
   489 | D        | Bought a scroll of identify for 20 gold pieces
   489 | D        | Bought a scroll of identify for 20 gold pieces
   624 | D        | Reached XP level 8. HP: 43/43 MP: 6/9
   630 | D        | Noticed a queen bee
   637 | D        | Killed a queen bee
   643 | D        | Reached skill level 20 in Stealth
   711 | D        | Noticed an oklob plant
   718 | D        | Killed an oklob plant
   731 | D        | Noticed a burning bush
   734 | D        | Killed a burning bush
   735 | D        | Reached skill level 21 in Stealth
   735 | D        | Reached XP level 9. HP: 48/48 MP: 8/10
   779 | D        | Noticed a burning bush
   779 | D        | Noticed an oklob plant
   780 | D        | Noticed a wandering mushroom
   781 | D        | Killed a burning bush
   786 | D        | Killed an oklob plant
   787 | D        | Reached skill level 22 in Stealth
   787 | D        | Reached skill level 10 in Evocations
   790 | D        | Killed a wandering mushroom
   795 | D        | Identified the +4 quarterstaff "Deipek" {freeze, Will+}
   845 | D        | Noticed a spriggan druid
   847 | D        | Killed a spriggan druid
   848 | D        | Reached skill level 5 in Short Blades
   848 | D        | Reached skill level 10 in Dodging
   929 | D        | Noticed an oklob plant conjurer
   930 | D        | Killed an oklob plant conjurer
   931 | D        | Reached skill level 23 in Stealth
  1020 | D        | Noticed an oklob plant
  1020 | D        | Noticed an oklob plant summoner
  1021 | D        | Noticed an oklob plant shifter
  1025 | D        | Killed an oklob plant
  1026 | D        | Reached XP level 10. HP: 53/53 MP: 8/11
  1027 | D        | Killed an oklob plant summoner
  1030 | D        | Killed an oklob plant shifter
  1068 | D        | Reached skill level 24 in Stealth
  1203 | D        | Noticed a spriggan rider
  1204 | D        | Found Visic's Antique Armour Emporium.
  1208 | D        | Found Veholeim's Magic Scroll Shoppe.
  1212 | D        | Killed a spriggan rider
  1292 | D        | Noticed Agnes
  1294 | D        | Found Fygustut's Magic Scroll Emporium.
  1294 | D        | Noticed a spriggan berserker
  1296 | D        | Found Afifoecaf's General Store.
  1298 | D        | Killed Agnes
  1299 | D        | Reached skill level 25 in Stealth
  1299 | D        | Reached skill level 1 in Shields
  1302 | D        | Killed a spriggan berserker
  1303 | D        | Reached XP level 11. HP: 60/60 MP: 9/12
  1309 | D        | Noticed a spriggan defender
  1340 | D        | Killed a spriggan defender
  1341 | D        | Reached skill level 26 in Stealth
  1488 | D        | Noticed a spriggan rider
  1520 | D        | Slain by a spriggan rider

Illustrated notes

Levels and vault maps discovered:
D:        dungeon_sprint_fedhas [sprint_temple]

Skill      XL: |  1  2  3  4  5  6  7  8  9 10 11 |
---------------+----------------------------------+-----
Fighting       | 2 3 4 5 6 8 |  8.1
Dodging        | 2 3 4 5 7 9 10 11 12 | 12.0
Stealth        | 7 9 12 13 15 18 19 21 23 25 26 | 26.0
Throwing       | 3 5 6 |  6.4
Evocations     | 2 3 6 9 11 13 14 | 14.3
Short Blades   | 3 4 5 6 |  6.8
Shields        | 2 |  2.5

Action                   |  1- 3 |  4- 6 |  7- 9 | 10-12 || total
-------------------------+-------+-------+-------+-------++-------
Melee: Dagger            |     5 |     5 |     2 |       ||    12
       Quick blade       |       |       |    19 |    68 ||    87
Throw: Dart              |     8 |     8 |       |       ||    16
       Stone             |       |     1 |       |       ||     1
 Abil: Evoke Invisibilit |       |     3 |     6 |     3 ||    12
Evoke: Piece from Xom's  |       |       |       |     1 ||     1
  Use: Scroll            |       |       |       |     4 ||     4
       Potion            |       |       |       |     4 ||     4
 Stab: Sleeping          |     2 |     4 |    17 |     6 ||    29
       Invisible         |       |     1 |     2 |       ||     3
       Distracted        |       |       |       |     1 ||     1
Armor: Robe              |     2 |       |       |       ||     2
Dodge: Dodged            |     3 |       |     1 |    34 ||    38
Block: Buckler           |       |       |       |     5 ||     5
